 Dungeon Crawl Stone Soup version 0.28-a0-1206-g193881aaa2 (webtiles) character file.

Game seed: 4146190380564731692

73 fragbeetle the Poker (level 4, 0/34 HPs)
             Began as a Merfolk Gladiator on Dec 20, 2021.
             Slain by Robin (5 damage)
             ... on level 2 of the Dungeon.
             The game lasted 00:04:22 (1612 turns).

fragbeetle the Poker (Merfolk Gladiator)            Turns: 1612, Time: 00:04:23

Health: 0/34       AC:  4    Str: 16    XL:     4   Next: 27%
Magic:  4/4        EV: 13    Int:  7    God:
Gold:   45         SH:  0    Dex: 15    Spells: 3/3 levels left

rFire   . . .      SeeInvis .   a - +0 trident
rCold   . . .      Faith    .   (no shield)
rNeg    . . .      Spirit   .   b - +0 leather armour
rPois   .          Reflect  .   c - +0 helmet
rElec   .          Harm     .   (no cloak)
rCorr   .          Rampage  .   (no gloves)
Will    .....                   (no boots)
Stlth   +.........              (no amulet)
HPRegen 0.11/turn               (no ring)
MPRegen 0.09/turn               (no ring)

@: no status effects
A: (nimble swimmer 2), mertail
a: no special abilities


You were on level 2 of the Dungeon.
You visited 1 branch of the dungeon, and saw 2 of its levels.

You collected 45 gold pieces.

Inventory:

Hand Weapons
 a - a +0 trident (weapon)
Missiles
 d - 3 throwing nets
 g - 67 stones (quivered)
Armour
 b - a +0 leather armour (worn)
 c - a +0 helmet (worn)
Scrolls
 e - 3 scrolls of identify {unknown}
 f - a scroll of amnesia {unknown}
 h - 2 scrolls of torment {unknown}
 i - a scroll of fear {unknown}
 k - a scroll of magic mapping {unknown}
Potions
 j - a potion of heal wounds {unknown}


   Skills:
 + Level 2.9 Fighting
 * Level 5.7 Polearms
 + Level 2.6 Throwing
 + Level 4.6 Dodging


You had 3 spell levels left.
You didn't know any spells.
Your spell library was empty.

Dungeon Overview and Level Annotations

Branches:
Dungeon (2/15)

Altars:

Annotations:
D:2 Robin


Innate Abilities, Weirdness & Mutations

((You are quick and stealthy near water. (Stealth+, EV+, Speed+++)))
Your lower body shifts to a powerful aquatic tail in water.


Message History

You completely miss Robin.
Robin is moderately wounded.
Robin completely misses you.
You barely miss Robin.
Robin is moderately wounded.
Robin closely misses you.
You hit Robin but do no damage.
Robin is moderately wounded.
Robin closely misses you.
You hit Robin but do no damage.
Robin is moderately wounded.
Robin hits you with a +3 whip of flaming.
Robin burns you.
You hit Robin.
Robin is heavily wounded.
Robin hits you with a +3 whip of flaming.
Robin burns you.
You hit Robin but do no damage.
Robin is heavily wounded.
Robin hits you but does no damage.
You hit Robin but do no damage.
Robin is heavily wounded.
Robin barely misses you.
You completely miss Robin.
Robin is heavily wounded.
Robin hits you with a +3 whip of flaming!
Robin burns you.
You barely miss Robin.
Robin is heavily wounded.
Robin hits you with a +3 whip of flaming!
* * * LOW HITPOINT WARNING * * *
Robin burns you.
* * * LOW HITPOINT WARNING * * *
You hit Robin but do no damage.
Robin is heavily wounded.
Robin closely misses you.
You hit Robin.
Robin is heavily wounded.
Robin hits you with a +3 whip of flaming.
You die...

#.# #.....# #g# #(##..#
## #.# #.##..... #. #g#
#|##.####.# +. #.#
#.##.# #. #.# #.##'# #.
#.# #.#... ###.#. #.#
#g# .. ...... #.# #@#
###.## #.# #.# ... #.#
#.# ### #.# #.# #.# #.#
#)#########.##
#.).g.g.g.#.#.
#########.#.#.##########
# #.#.#...........


You could see Robin.

Vanquished Creatures
  3 adders (D:2)
  A dart slug (D:1)
  2 ball pythons
  5 bats (D:1)
  3 endoplasms (D:1)
  A giant cockroach (D:2)
  3 hobgoblins
  4 kobolds
  A quokka (D:2)
  2 frilled lizards (D:1)
  15 goblins
  A rat (D:2)
41 creatures vanquished.

Notes
Turn   | Place    | Note
-------+----------+-------------------------------------------
     0 | D:1      | fragbeetle the Merfolk Gladiator began the quest for the
                  | Orb.
     0 | D:1      | Reached XP level 1. HP: 16/16 MP: 1/1
   110 | D:1      | Reached XP level 2. HP: 23/23 MP: 2/2
   222 | D:1      | Found a faded altar of an unknown god.
   351 | D:1      | Found Xaocepn's Assorted Antiques.
   545 | D:1      | Reached skill level 5 in Polearms
   719 | D:2      | Reached XP level 3. HP: 28/28 MP: 3/3
   873 | D:2      | Noticed Robin
  1458 | D:2      | Reached XP level 4. HP: 30/34 MP: 4/4
  1612 | D:2      | Slain by Robin

Illustrated notes

Levels and vault maps discovered:
D:1:      minmay_arrival_radiant_lines, layout_basic, serial_shops, shop,
          hellmonk_ecumenical_altar_run_dry, minmay_quantized
D:2:      layout_basic, uniq_robin

Skill      XL: |  1  2 |
---------------+-------+-----
Polearms       | 5 |  5.7
Fighting       | |  2.9
Throwing       | |  2.6
Dodging        | |  4.6

Action                   |  1- 3 |  4- 6 || total
-------------------------+-------+-------++-------
Melee: Trident           |   100 |    23 ||   123
Throw: Stone             |     2 |     1 ||     3
Armor: Leather armour    |    28 |     2 ||    30
Dodge: Dodged            |    48 |     7 ||    55

Table legend: (Time is in decaauts)
 A = Elapsed time spent in this place.
 B = Non-inter-level travel time spent in this place.
 C = Inter-level travel time spent in this place.
 D = Time resting spent in this place.
 E = Time spent auto-exploring this place.
 F = Levels seen in this place.
 G = Mean time per level.
                   A        B        C        D        E       F      G
               +--------+--------+--------+--------+--------+-----+--------+
         Total |   1617 |   1582 |     35 |    252 |    736 |   2 |  808.5 |
       Dungeon |   1617 |   1582 |     35 |    252 |    736 |   2 |  808.5 |
               +--------+--------+--------+--------+--------+-----+--------+

Top non-repeatable levels by time:
     D:2: 938 daAuts
     D:1: 678 daAuts
